 Dungeon Crawl Stone Soup version 0.26.1-11-gd32895ea62 (webtiles) character file.

Game seed: 11915291637976069470

133 infcreate the Ducker (level 5, -2/40 HPs)
             Began as a Human Gladiator on Apr 22, 2021.
             Was a Follower of Elyvilon.
             Killed by divine providence
             ... invoked by an orc priest
              (13 damage)
             ... on level 3 of the Dungeon.
             The game lasted 00:10:53 (2789 turns).

infcreate the Ducker (Human Gladiator)              Turns: 2789, Time: 00:10:54

Health: -2/40      AC:  7    Str: 15    XL:     5   Next: 40%
Magic:  5/5        EV: 11    Int:  8    God:    Elyvilon [*.....]
Gold:   183        SH:  0    Dex: 15    Spells: 4/4 levels left

rFire    . . .     SeeInvis .   a - +0 quarterstaff
rCold    . . .     Faith    .   (shield currently unavailable)
rNeg     . . .     Spirit   .   l - +0 scale mail (curse)
rPois    .         Reflect  .   c - +0 helmet
rElec    .         Harm     .   (no cloak)
rCorr    .         Rampage  .   (no gloves)
Will     .....                  (no boots)
Stlth    ..........             (no amulet)
HPRegen  0.13/turn              (no ring)
MPRegen  0.09/turn              (no ring)

@: no status effects
A: no striking features
a: Renounce Religion, Lesser Healing, Divine Protection


You were on level 3 of the Dungeon.
You worshipped Elyvilon.
Elyvilon was aware of your devotion.
You visited 1 branch of the dungeon, and saw 3 of its levels.

You collected 183 gold pieces.


   Skills:
 * Level 2.8 Fighting
 * Level 3.7 Staves
 - Level 2.1 Throwing
 * Level 2.0 Armour
 * Level 3.7 Dodging
 + Level 1.0 Invocations


You had 4 spell levels left.
You didn't know any spells.
Your spell library was empty.

Inventory:

Hand Weapons
 a - a +0 quarterstaff (weapon)
Missiles
 d - 3 throwing nets (quivered) {=f}
Armour
 c - a +0 helmet (worn)
 l - a cursed +0 scale mail (worn)
 n - a +0 pair of boots
Scrolls
 b - a scroll of noise {unknown}
 e - 2 scrolls of identify {@r1}
 f - 2 scrolls of remove curse {unknown}
 g - 3 scrolls of teleportation {@r4}
 j - a scroll of immolation {unknown}
 m - a scroll of fear {unknown}
Potions
 h - a potion of heal wounds {unknown}
 i - a potion of haste {unknown}
 k - 2 potions of might

Dungeon Overview and Level Annotations

Branches:
Dungeon (3/15)

Altars:
Elyvilon
Hepliaklqana

Annotations:
D:2 Sigmund

######.# ##.## ...## ########.#
####...###### #........#
#....).o....# #.#####..#
#.##...###... #.# #..# #.###.##
#.# #..#######.###.# #.#
#...........#..#
#.#####..#######o.#.## #........#
#@.#.#
##.#####.#######..#.#####..# #.#
#..................... ##.#
#########..#.#####.<# ##.#
#...##...........# ##.#
#......##.#.###.## ##.#
#...##.##.#รท# #.# ##.#
##.###.##.#.# #.#######
##.########...##.##.#.###........


You could see an orc priest.


Message History

The orc priest invokes the aid of Beogh against you.
Beogh smites you! The orc priest closely misses you.
You barely miss the orc priest.
The orc priest is heavily wounded.
The orc priest closely misses you.
You hit the orc priest.
The orc priest is almost dead.
The orc priest hits you but does no damage.
You closely miss the orc priest.
The orc priest is almost dead.
The orc priest calls down the wrath of Beogh upon you.
Beogh smites you!
* * * LOW HITPOINT WARNING * * *
You closely miss the orc priest.
The orc priest is almost dead.
The orc priest closely misses you.
You barely miss the orc priest.
The orc priest is almost dead.
The orc priest barely misses you.
You closely miss the orc priest.
The orc priest is almost dead.
The orc priest invokes the aid of Beogh against you.
Pain shoots through your body!
* * * LOW HITPOINT WARNING * * *
You hit the orc priest but do no damage.
The orc priest is almost dead.
The orc priest misses you.
The orc priest invokes the aid of Beogh against you.
Beogh smites you!
You die...

Skill      XL: |  1  2  3  4  5 |
---------------+----------------+-----
Armour         | 1 2 |  2.0
Invocations    | 1 |  1.0
Fighting       | |  2.8
Staves         | |  3.7
Throwing       | |  2.1
Dodging        | |  3.7

Action                   |  1- 3 |  4- 6 || total
-------------------------+-------+-------++-------
Melee: Quarterstaff      |   121 |    82 ||   203
  Use: Scroll            |     1 |       ||     1
Armor: Leather armour    |    37 |    14 ||    51
       Scale mail        |       |     8 ||     8
Dodge: Dodged            |   118 |    51 ||   169

Levels and vault maps discovered:
D:1:      saegor_arrival_simple_a, layout_basic, chequers_arboretum
D:2:      layout_loops_ring, elyvilon_altar_5, grunt_ministairs_15,
          minmay_tromino_v2, uniq_sigmund
D:3:      layout_loops_ring, amcnicky_altar_gilded, uniq_terence, uniq_jessica

Notes
Turn   | Place    | Note
-------+----------+-------------------------------------------
     0 | D:1      | infcreate the Human Gladiator began the quest for the Orb.
     0 | D:1      | Reached XP level 1. HP: 16/16 MP: 1/1
    74 | D:1      | Reached XP level 2. HP: 6/22 MP: 2/2
   616 | D:1      | Reached XP level 3. HP: 28/28 MP: 3/3
   818 | D:1      | Reached skill level 1 in Armour
  1103 | D:2      | Noticed Sigmund
  1235 | D:2      | Found a white marble altar of Elyvilon.
  1248 | D:2      | Became a worshipper of Elyvilon the Healer
  1320 | D:2      | Reached XP level 4. HP: 22/34 MP: 4/4
  1843 | D:2      | Reached * piety under Elyvilon
  2214 | D:3      | Found a hazy altar of Hepliaklqana.
  2268 | D:3      | Noticed Terence
  2281 | D:3      | Killed Terence
  2323 | D:3      | Reached XP level 5. HP: 35/39 MP: 5/5
  2384 | D:3      | Noticed Jessica
  2391 | D:3      | Killed Jessica
  2465 | D:3      | Reached skill level 1 in Invocations
  2486 | D:3      | Reached skill level 2 in Armour
  2789 | D:3      | Killed from afar by an orc priest

Vanquished Creatures
  Jessica (D:3)
  Terence (D:3)
  An adder (D:2)
  An ufetubus (D:2)
  3 worms
  A dart slug (D:1)
  A leopard gecko (D:2)
  3 orcs
  2 giant cockroaches (D:1)
  2 goblins
  5 hobgoblins
  14 jackals
  5 kobolds
  2 ball pythons (D:2)
  5 bats
  3 frilled lizards
  2 rats (D:3)
52 creatures vanquished.

Table legend: (Time is in decaauts)
 A = Elapsed time spent in this place.
 B = Non-inter-level travel time spent in this place.
 C = Inter-level travel time spent in this place.
 D = Time resting spent in this place.
 E = Time spent auto-exploring this place.
 F = Levels seen in this place.
 G = Mean time per level.
                   A        B        C        D        E       F      G
               +--------+--------+--------+--------+--------+-----+--------+
         Total |   2818 |   2749 |     69 |    589 |    937 |   3 |  939.3 |
       Dungeon |   2818 |   2749 |     69 |    589 |    937 |   3 |  939.3 |
               +--------+--------+--------+--------+--------+-----+--------+

Top non-repeatable levels by time:
     D:2: 1163 daAuts
     D:1: 1073 daAuts
     D:3: 581 daAuts

Table legend:
 A = Non-vault XP
 B = Vault XP
 C = Vault XP percentage of total XP
 D = Non-vault monster count
 E = Vault monster count
 F = Vault count percentage of total count
                 A         B        C        D         E       F
            +---------+---------+-------+---------+---------+-------
      Total |     102 |      89 |  46.6 |      47 |       5 |   9.6
            +---------+---------+-------+---------+---------+-------
        D:1 |      43 |       0 |   0.0 |      23 |       0 |   0.0
        D:2 |      31 |      16 |  34.0 |      10 |       3 |  23.1
        D:3 |      28 |      73 |  72.3 |      14 |       2 |  12.5
            +---------+---------+-------+---------+---------+-------
